 Dungeon Crawl Stone Soup version 0.19.5 (webtiles) character file.

233 HAWKINGL3623 the Shield-Bearer (level 6, -4/48 HPs)
             Began as a Formicid Fighter on Apr 11, 2017.
             Was a Follower of Lugonu.
             Slain by a scorpion (5 damage)
             ... on level 4 of the Dungeon.
             The game lasted 00:13:36 (3223 turns).

HAWKINGL3623 the Shield-Bearer (Formicid Fighter)   Turns: 3223, Time: 00:13:37

Health: -4/48      AC:  8    Str: 18 (21) XL:     6   Next: 26%
Magic:  6/6        EV:  8    Int:  6 (8)  God:    Lugonu [*.....]
Gold:   273        SH:  9    Dex: 11      Spells: 0 memorised, 5 levels left

rFire  . . .     SeeInvis +     h - +1 short sword (distort)
rCold  . . .     Gourm    .     b - +1 scale mail
rNeg   . . .     Faith    .     c - +0 shield
rPois  .         Spirit   .     (helmet unavailable)
rElec  .         Reflect  .     (no cloak)
rCorr  .         Harm     .     (no gloves)
MR     .....                    (no boots)
Stlth  ..........               (no amulet)
                                (no ring)
                                (no ring)

@: no status effects
A: permanent stasis, dig shafts and tunnels, four strong arms, antennae 3
a: Dig, Shaft Self, Depart the Abyss, Renounce Religion


You were on level 4 of the Dungeon.
You worshipped Lugonu.
Lugonu was aware of your devotion.
You were hungry.

You visited 1 branch of the dungeon, and saw 5 of its levels.
You visited the Abyss 1 time.

You collected 273 gold pieces.

Inventory:

Hand Weapons
 a - a +0 trident
 e - a +0 hunting sling
 h - a +1 short sword of distortion (weapon)
Missiles
 g - 101 stones (quivered)
 k - 69 sling bullets
Armour
 b - a +1 scale mail (worn)
 c - a +0 shield (worn)
Wands
 n - a wand of random effects (28/48)
Scrolls
 j - 3 scrolls of remove curse
 l - 2 scrolls of recharging
Potions
 d - a potion of might
 i - a potion of heal wounds
 o - a potion of curing
Miscellaneous
 m - a phantom mirror
Comestibles
 f - 6 bread rations


   Skills:
 + Level 4.1 Fighting
 + Level 2.6 Short Blades
 + Level 2.2 Polearms
 + Level 1.8(2.0) Slings
 + Level 1.0(1.4) Throwing
 + Level 4.4 Armour
 + Level 0.1 Dodging
 + Level 4.4 Shields


You had 5 spell levels left.
You didn't know any spells.

Dungeon Overview and Level Annotations

Branches:
Dungeon (5/15)
 Temple: D:4-7

Altars:

Annotations:
D:5 findtopher's ghost, novice MiMo


Innate Abilities, Weirdness & Mutations

You are under a permanent stasis effect.
You can dig through walls and to a lower floor.
Your four strong arms can wield two-handed weapons with a shield.
You have a pair of large antennae on your head. (SInv)


Message History

You miss the leopard gecko. You block the leopard gecko's attack.
You hit the leopard gecko.
You kill the leopard gecko!
Lugonu accepts your kill.
You puncture the ogre!
Space warps horribly around the ogre!
The ogre is severely wounded.
The ogre hits you with a giant spiked club!
* * * LOW HITPOINT WARNING * * *
Your shield and scale mail prevent you from hitting the ogre.
The ogre is severely wounded.
The ogre closely misses you.
You hit the ogre but do no damage.
The ogre is severely wounded.
The ogre blinks!
You completely miss the scorpion. The scorpion stings you.
* * * LOW HITPOINT WARNING * * *
You hit the scorpion.
Space bends around the scorpion.
The scorpion is moderately wounded.
The scorpion stings you.
You die...

#...............
#...............
#...............
#...............
###...............
#.+...............
#.#...........[...
#.#........#####..
#@sO.......# ..
###........# ..
#####+#### .. ..
.. { ..


You could see an ogre and a scorpion.

Vanquished Creatures
  A scorpion (D:4)
  A hound (D:4)
  An iguana (D:4)
  Ijyb (D:3)
  A worker ant (D:5)
  An adder (D:2)
  An ooze (D:1)
  An adder skeleton (D:4)
  A dart slug (D:2)
  6 leopard geckos
  5 orcs
  3 giant cockroaches
  4 goblins
  4 hobgoblins
  4 jackals (D:1)
  3 quokkas
  3 bats
  5 frilled lizards
  11 kobolds
  5 rats
62 creatures vanquished.

Vanquished Creatures (others)
  A rat (D:2)
  6 starspawn tentacles (Abyss:1)
7 creatures vanquished.

Grand Total: 69 creatures vanquished

Notes
Turn   | Place    | Note
-------+----------+-------------------------------------------
     0 | D:1      | HAWKINGL3623 the Formicid Fighter began the quest for the Orb.
     0 | D:1      | Reached XP level 1. HP: 18/18 MP: 1/1
   117 | D:1      | Reached XP level 2. HP: 20/24 MP: 2/2
   422 | D:1      | Reached XP level 3. HP: 29/29 MP: 3/3
  1102 | D:2      | Reached XP level 4. HP: 37/37 MP: 4/4
  1122 | D:2      | Cast into level 1 of the Abyss (a distortion unwield)
  1148 | Abyss:1  | Found a corrupted altar of Lugonu.
  1154 | Abyss:1  | Became a worshipper of Lugonu the Unformed
  1154 | Abyss:1  | Reached * piety under Lugonu
  1193 | Abyss:1  | Noticed a tentacled starspawn
  1201 | Abyss:1  | Noticed a tentacled starspawn
  1212 | Abyss:1  | Noticed a spiny frog
  1212 | Abyss:1  | Noticed a hippogriff
  1212 | Abyss:1  | a spiny frog changed into a hippogriff
  1216 | Abyss:1  | Noticed a wretched star
  1223 | Abyss:1  | Noticed a small abomination
  1227 | D:2      | Escaped the Abyss
  1628 | D:3      | Noticed Ijyb
  1636 | D:3      | Killed Ijyb
  1636 | D:3      | Reached skill level 1 in Slings
  1974 | D:3      | Reached skill level 1 in Short Blades
  2181 | D:3      | Reached XP level 5. HP: 42/42 MP: 5/5
  2655 | D:4      | Noticed an ogre
  2799 | D:4      | Reached skill level 1 in Throwing
  2799 | D:4      | Reached XP level 6. HP: 38/48 MP: 6/6
  2854 | D:5      | Entered Level 5 of the Dungeon
  3173 | D:5      | Noticed findtopher's ghost (novice MiMo)
  3222 | D:4      | HP: 1/48 [scorpion (4)]
  3223 | D:4      | Slain by a scorpion

Skill      XL: |  1  2  3  4  5 |
---------------+----------------+-----
Shields        | 4 |  4.4
Slings         | 1 |  1.8
Short Blades   | 1 2 |  2.6
Armour         | 4 |  4.4
Fighting       | 4 |  4.1
Throwing       | 1 |  1.0
Polearms       | |  2.2
Dodging        | |  0.1

Action                   |  1- 3 |  4- 6 || total
-------------------------+-------+-------++-------
Melee: Trident           |    55 |       ||    55
       Short sword       |    20 |   100 ||   120
 Fire: Hunting sling     |    19 |     5 ||    24
Throw: Stone             |    11 |    31 ||    42
Invok: Depart the Abyss  |       |     1 ||     1
  Use: Scroll            |     6 |     3 ||     9
       Potion            |       |     2 ||     2
  Eat: Chunk             |       |     5 ||     5
       Pizza             |       |     1 ||     1
Armor: Scale mail        |    25 |    25 ||    50
Dodge: Dodged            |    16 |    25 ||    41
Block: Shield            |    38 |    34 ||    72
